 Dungeon Crawl Stone Soup version 0.27-a0-409-gd57800a693 (webtiles) character file.

Game seed: 15971301352110833214

8 Chiseanne the Chiller (level 2, 20/21 HPs)
             Began as a Demonspawn Wanderer on Feb 23, 2021.
             Quit the game on level 1 of the Dungeon.
             The game lasted 00:00:35 (292 turns).

Chiseanne the Chiller (Demonspawn Wanderer)          Turns: 292, Time: 00:00:35

Health: 20/21      AC:  5    Str: 12    XL:     2   Next: 0%
Magic:  2/2        EV: 10    Int: 11    God:
Gold:   8          SH:  0    Dex: 14    Spells: 0/1 levels left

rFire    . . .     SeeInvis .   a - +2 hand axe
rCold    . . .     Faith    .   (no shield)
rNeg     . . .     Spirit   .   c - +0 ring mail
rPois    .         Reflect  .   (no helmet)
rElec    .         Harm     .   (no cloak)
rCorr    .         Rampage  .   (no gloves)
Will     .....                  (no boots)
Stlth    +.........             (no amulet)
HPRegen  0.07/turn              (no ring)
MPRegen  0.08/turn              (no ring)

@: no status effects
A: claws 1
a: no special abilities


You were on level 1 of the Dungeon.
You visited 1 branch of the dungeon, and saw 1 of its levels.

You collected 8 gold pieces.

Inventory:

Hand Weapons
 a - a +2 hand axe (weapon)
Armour
 c - a +0 ring mail (worn)
 d - a +0 robe
Jewellery
 e - a +6 ring of intelligence {unknown}
Scrolls
 b - 2 scrolls of identify {unknown}
 f - 2 scrolls of random uselessness {unknown}
Potions
 g - a potion of curing {unknown}


   Skills:
 * Level 1.4 Fighting
 - Level 1.7 Axes
 - Level 1.0 Throwing
 * Level 2.0 Armour
 * Level 0.7 Dodging
 - Level 2.6 Ice Magic
 - Level 1.0 Evocations


You couldn't memorise any spells.
You knew the following spells:

 Your Spells              Type           Power        Failure   Level
a - Freeze                Ice            20%          26%         1

Your spell library contained the following spells:

 Spells                   Type           Power        Failure   Level
 Frozen Ramparts          Ice            10%          61%         3


Dungeon Overview and Level Annotations

Branches:
Dungeon (1/15)

Altars:


Innate Abilities, Weirdness & Mutations

You have sharp fingernails.


Message History

No target in view!
No target in view!
No target in view!
No target in view!
You see here a ball python corpse.
Found a mace.
No target in view!
A kobold comes into view. It is wielding a +0 whip.
You slash the kobold!
You kill the kobold!
No target in view!
No target in view!
No target in view!
No target in view!
No target in view!
No target in view!
No target in view!
No target in view!
No target in view!
No target in view!
No target in view!
No target in view!
No target in view!
No target in view!
Things that are here:
a +0 whip; a kobold corpse A bat comes into view.
There is a stone staircase leading down here.
The bat barely misses you.
You barely miss the bat. The bat barely misses you. The bat hits you.
The bat closely misses you.
Your ring mail prevents you from hitting the bat.
The bat barely misses you. The bat hits you but does no damage.
You hit the bat.
You kill the bat!
You have reached level 2!
Your demonic ancestry asserts itself...
Your fingernails lengthen.
Are you sure you want to abandon this character and quit the game? (Confirm with "yes".)

..... ###.#.#
...... #....#
#....# +....#
.##.#.†..#####
.......@.....#
.##.####.###.#.##
.......>........
#######..##.#.#
##.##.# ####..#.#
##.....#.#
#.....)..#
#.......##


There were no monsters in sight!

Vanquished Creatures
  2 ball pythons (D:1)
  A giant cockroach (D:1)
  A bat (D:1)
  3 kobolds (D:1)
  A rat (D:1)
8 creatures vanquished.

Notes
Turn   | Place    | Note
-------+----------+-------------------------------------------
     0 | D:1      | Chiseanne the Demonspawn Wanderer began the quest for the
                  | Orb.
     0 | D:1      | Chiseanne set off with the following items: a +2 hand axe,
                  | a +0 mace, a +0 robe; and the following spell memorised:
                  | Freeze; and the following spells available to memorise:
                  | Frozen Ramparts
     0 | D:1      | Reached XP level 1. HP: 15/15 MP: 1/1
   292 | D:1      | Gained mutation: You have sharp fingernails. [demonic
                  | ancestry]
   292 | D:1      | Reached XP level 2. HP: 20/21 MP: 2/2
   292 | D:1      | Quit the game

Illustrated notes

Levels and vault maps discovered:
D:1:      dpeg_arrival_tiny_i, layout_basic

Skill      XL: |  1 |
---------------+----+-----
Armour         | 2 |  2.0
Fighting       | |  1.4
Axes           | |  1.7
Throwing       | |  1.0
Dodging        | |  0.7
Ice Magic      | |  2.6
Evocations     | |  1.0

Action                   || total
-------------------------++-------
Melee: Hand axe          ||    22
Armor: Ring mail         ||    11
Dodge: Dodged            ||    12

Table legend: (Time is in decaauts)
 A = Elapsed time spent in this place.
 B = Non-inter-level travel time spent in this place.
 C = Inter-level travel time spent in this place.
 D = Time resting spent in this place.
 E = Time spent auto-exploring this place.
 F = Levels seen in this place.
 G = Mean time per level.
                   A        B        C        D        E       F      G
               +--------+--------+--------+--------+--------+-----+--------+
         Total |    297 |    297 |      0 |      0 |    230 |   1 |  297.0 |
       Dungeon |    297 |    297 |      0 |      0 |    230 |   1 |  297.0 |
               +--------+--------+--------+--------+--------+-----+--------+

Top non-repeatable levels by time:
     D:1: 297 daAuts
